 Dungeon Crawl Stone Soup version 0.20-a0-830-g2c9a30d (webtiles) character file.

5209 M4edhros the Fighter (level 10, -5/111 HPs)
             Began as an Ogre Hunter on Mar 7, 2017.
             Was a Priest of Dithmenos.
             Slain by a yak (16 damage)
             ... on level 8 of the Dungeon.
             The game lasted 00:14:44 (8360 turns).

M4edhros the Fighter (Ogre Hunter)                  Turns: 8360, Time: 00:14:45

Health: -5/111     AC:  4    Str: 23    XL:     10   Next: 61%
Magic:  4/10       EV: 13    Int: 10    God:    Dithmenos [***...]
Gold:   110        SH:  3    Dex: 14    Spells: 9/9 levels left

rFire    . . .     SeeInvis .   C - +5 demon whip of Turmoil {slash, rC+}
rCold    + . .     Gourm    .   c - +0 robe
rNeg     . . .     Faith    .   (no shield)
rPois    .         Spirit   .   (helmet restricted)
rElec    .         Reflect  +   h - +0 cloak
rCorr    .         Harm     .   (gloves unavailable)
MR       +....                  (boots unavailable)
Stlth    ++........             w - +3 amulet of reflection
Regen    0.3/turn               D - ring of fire
MPRegen  0.2/turn               F - ring of ice

@: mighty, wreathed by umbra
A: unfitting armour, agile 1, dopey 1, mutation resistance 1, tough skin 1,
MP-powered wands
a: Shadow Step, Renounce Religion


You were on level 8 of the Dungeon.
You worshipped Dithmenos.
Dithmenos was most pleased with you.
You were not hungry.

You visited 2 branches of the dungeon, and saw 10 of its levels.

You collected 610 gold pieces.
You spent 500 gold pieces at shops.

Inventory:

Hand Weapons
 a - a +1 hunting sling
 b - a +0 short sword
 j - a +5 flail of protection
 C - the +5 demon whip of Turmoil (weapon) {slash, rC+}
   (You bought it in a shop on level 6 of the Dungeon)

   It inflicts extra damage upon your enemies.
   It protects you from cold.
Missiles
 d - 22 sling bullets
 i - 83 stones (quivered)
Armour
 c - a +0 robe (worn)
 h - a +0 cloak (worn)
Jewellery
 w - a +3 amulet of reflection (around neck)
 D - a ring of fire (right hand)
 F - a ring of ice (left hand)
Wands
 m - a wand of disintegration (6/24)
 u - a wand of lightning (4/15)
 x - a wand of scattershot (0/9)
Scrolls
 g - a scroll of magic mapping {unknown}
 k - 4 scrolls of fog {unknown}
 l - 3 scrolls of enchant weapon {unknown}
 n - 5 scrolls of teleportation {unknown}
 o - a scroll of identify
 p - 4 scrolls of remove curse
 s - 2 scrolls of amnesia {unknown}
 v - 2 scrolls of recharging {unknown}
 y - 2 scrolls of enchant armour {unknown}
 H - a scroll of blinking {unknown}
Potions
 e - 2 potions of brilliance
 q - a potion of flight
 r - a potion of degeneration {unknown}
 A - a potion of berserk rage {unknown}
 B - a potion of curing
Comestibles
 f - 8 bread rations
 t - 2 meat rations
 z - 10 fruits
 G - 3 chunks of flesh


   Skills:
 + Level 10.4 Fighting
 * Level 3.6 Maces & Flails
 * Level 9.1 Slings
 - Level 5.7 Dodging
 - Level 0.6 Stealth


You had 9 spell levels left.
You didn't know any spells.

Dungeon Overview and Level Annotations

Branches:
Dungeon (9/15)             Temple (1/1) D:5            Lair (0/6) D:8
    Orc: D:9-12

Altars:
Ashenzari
Cheibriados
Dithmenos
Elyvilon
Gozag
Hepliaklqana
Kikubaaqudgha
Nemelex Xobeh
Okawaru
Qazlal
Ru
Sif Muna
Trog
Uskayaw
Vehumet
Xom
Yredelemnul
Zin
The Shining One

Shops:
D:6 [!:(   D:7 *(*


Innate Abilities, Weirdness & Mutations

You are too large for most types of armour.
You have tough skin. (AC +1)
You are agile. (Dex +2)
You are dopey. (Int -2)
You are somewhat resistant to further mutation.
You expend magic power (3 MP) to strengthen your wands.


Message History

Okay, then.
Evoke which item? (* to show all) (? for menu, Esc to quit)
Aiming: Lightning Bolt
Press: ? - help, Shift-Dir - straight line You hear a mighty clap of thunder!
The bolt of lightning misses the yak.
The bolt of lightning hits the yak.
The yak is moderately wounded.
This wand has 5 charges left.
The yak barely misses you.
Unknown command.
Unknown command.
Evoke which item? (* to show all) (? for menu, Esc to quit)
Aiming: Lightning Bolt
Press: ? - help, Shift-Dir - straight line You hear a mighty clap of thunder!
The bolt of lightning hits the yak.
The yak is severely wounded.
The bolt of lightning hits the yak.
The yak is almost dead.
This wand has 4 charges left.
The yak gores you!
You die...

##...## #.# ##.....##
####.# #.......##
##.##.#
.........####...#.##
.........'.....รท...##
.........####.......##
#.......## ##.......#
##.....## ##....[##
##...## ##@..## ##'##
##Y## #.# #Y# ####.###
#.# .......# #.#
###...<# #.# ##.....#
#.# .......# #.#
##.....##########.#


You could see 2 yaks.

Vanquished Creatures
  A two-headed ogre (D:8)
  A yak (D:8)
  2 wyverns (D:8)
  A hungry ghost (D:7)
  Menkaure (D:6)
  Edmund (D:6)
  A water moccasin (D:7)
  An ice beast (D:7)
  An orc warrior (D:6)
  A black bear (D:8)
  5 sky beasts
  A necrophage (D:6)
  2 ogres
  2 phantoms (D:6)
  3 centaurs
  A crocodile (D:8)
  A big kobold (D:8)
  6 bullfrogs
  A wyvern skeleton (D:6)
  A water moccasin skeleton (D:7)
  3 scorpions
  3 killer bees (D:8)
  A crimson imp (D:8)
  4 howler monkeys
  7 hounds
  A jelly (D:6)
  A bullfrog skeleton (D:4)
  6 orc priests
  4 orc wizards
  2 centaur skeletons (D:4)
  3 iguanas
  9 worker ants
  2 hound skeletons
  A howler monkey zombie (D:8)
  12 adders
  A shadow imp (D:6)
  2 oozes
  3 adder skeletons
  An adder zombie (D:5)
  2 dart slugs
  4 leopard geckos
  25 orcs
  7 giant cockroaches
  10 goblins
  12 hobgoblins
  5 jackals (D:5)
  4 quokkas
  A ball python (D:1)
  A ball python zombie (D:5)
  9 bats
  A frilled lizard (D:1)
  12 kobolds
  A leopard gecko skeleton (D:5)
  A quokka zombie (D:7)
  7 rats
202 creatures vanquished.

Vanquished Creatures (others)
  The ghost of M4edhros the Skirmisher, an amateur OgFi (D:5)
  A human (D:4)
2 creatures vanquished.

Grand Total: 204 creatures vanquished

Notes
Turn   | Place    | Note
-------+----------+-------------------------------------------
     0 | D:1      | M4edhros the Ogre Hunter began the quest for the Orb.
     0 | D:1      | Reached XP level 1. HP: 22/22 MP: 1/1
   110 | D:1      | Reached skill level 3 in Fighting
   110 | D:1      | Reached XP level 2. HP: 31/31 MP: 2/2
   352 | D:1      | Reached XP level 3. HP: 37/37 MP: 3/3
   868 | D:4      | Reached XP level 4. HP: 22/48 MP: 4/4
  1054 | D:4      | Noticed a centaur
  1065 | D:4      | Reached skill level 4 in Fighting
  1065 | D:4      | Reached XP level 5. HP: 45/54 MP: 5/5
  1073 | D:4      | Killed a centaur
  1228 | D:4      | Reached XP level 6. HP: 59/63 MP: 6/6
  1588 | D:4      | Reached skill level 5 in Fighting
  1614 | D:4      | Found an ancient bone altar of Kikubaaqudgha.
  1615 | D:4      | Noticed a human
  1619 | D:4      | Killed a human
  1970 | D:5      | Entered Level 5 of the Dungeon
  1992 | D:5      | Reached XP level 7. HP: 22/72 MP: 7/7
  2111 | D:5      | Killed M4edhros's ghost
  2224 | D:5      | Reached skill level 5 in Slings
  2408 | D:5      | Found a staircase to the Ecumenical Temple.
  2417 | Temple   | Entered the Ecumenical Temple
  2566 | Temple   | Became a worshipper of Dithmenos the Shadowed
  2889 | D:3      | Reached skill level 6 in Fighting
  3071 | D:3      | Found an opulent altar of Gozag.
  3466 | D:2      | Found a white marble altar of Elyvilon.
  3761 | D:2      | Reached * piety under Dithmenos
  3783 | D:2      | Found a snail-covered altar of Cheibriados.
  3792 | D:2      | Found a blossoming altar of Fedhas.
  3792 | D:2      | Found a stormy altar of Qazlal.
  3795 | D:2      | Found a snail-covered altar of Cheibriados.
  3795 | D:2      | Found a shimmering altar of Xom.
  3795 | D:2      | Found an opulent altar of Gozag.
  4002 | D:5      | Reached XP level 8. HP: 54/84 MP: 8/8
  4751 | D:6      | Found Cifirof's Antique Weapon Shoppe.
  4837 | D:6      | Found Gubolist's Distillery.
  4858 | D:6      | Reached skill level 7 in Fighting
  4867 | D:6      | Noticed Edmund
  4885 | D:6      | Gained mutation: You are dopey. (Int -2) [potion of mutation]
  4885 | D:6      | Gained mutation: You are agile. (Dex +2) [potion of mutation]
  4885 | D:6      | Gained mutation: You expend magic power (3 MP) to strengthen your wands. [potion of mutation]
  4885 | D:6      | Gained mutation: You are somewhat resistant to further mutation. [potion of mutation]
  4913 | D:6      | Killed Edmund
  4922 | D:6      | Noticed Menkaure
  4924 | D:6      | Reached skill level 5 in Dodging
  4932 | D:6      | Killed Menkaure
  4932 | D:6      | Reached XP level 9. HP: 21/94 MP: 5/9
  5010 | D:6      | Found Cazunime's Book Emporium.
  5037 | D:6      | Reached ** piety under Dithmenos
  5056 | D:6      | Reached skill level 8 in Fighting
  5599 | D:6      | Found Tysoefoz's Armour Shoppe.
  6178 | D:7      | Found Lafezara's Weapon Shop.
  6179 | D:7      | Found a shattered altar of Ashenzari.
  6301 | D:7      | Reached skill level 9 in Fighting
  6747 | D:7      | Found Sucw's Assorted Antiques.
  6847 | D:7      | Reached XP level 10. HP: 106/106 MP: 10/10
  6861 | D:7      | Found Opleben's Assorted Antiques.
  7199 | D:6      | Bought a crystal demon whip for 500 gold pieces
  7199 | D:6      | Identified the +5 demon whip of Turmoil {slash, rC+} (You bought it in a shop on level 6 of the Dungeon)
  7239 | D:8      | Reached *** piety under Dithmenos
  7260 | D:8      | Reached skill level 1 in Maces & Flails
  7475 | D:8      | Reached skill level 10 in Fighting
  7551 | D:8      | Noticed a two-headed ogre
  7560 | D:8      | HP: 1/109 [two-headed ogre/giant club (21)]
  7575 | D:8      | Killed a two-headed ogre
  7806 | D:8      | Found a staircase to the Lair.
  8360 | D:8      | Slain by a yak

Vault maps used:
D:1:      lightli_arrival_maybe_door_vault
D:2:      lemuel_round_altar, doesnt_xom_only_xom
D:3:      nicolae_gozag_cash_rules_everything_around_me
D:4:      serial_bayou_ford_a, tgw_kikubaaqudgha
D:5:      lemuel_temple_firewalk_b, first_bread
D:6:      serial_shops, shop, kennysheep_little_box, nicolae_shop_waterfront,
          shop, uniq_edmund, uniq_menkaure
D:7:      evilmike_ruin_ashenzari, serial_shops, nicolae_shop_crystal,
          nicolae_shop_window_shopping, shop_coins, kennysheep_pointless_box,
          kennysheep_cross_bottleneck
D:8:      lair_entry_dummy
D:9:      chequers_temple_overflow_statue_of_worship,
          minmay_orc_entry_temple_small
Temple:   regret_index_temple_sphere_string

Skill      XL: |  1  2  3  4  5  6  7  8  9 10 |
---------------+-------------------------------+-----
Slings         | 3 4 5 6 8 9 |  9.1
Fighting       | 3 4 5 6 7 9 10 | 10.4
Dodging        | 2 3 4 5 |  5.7
Maces & Flails | 3 |  3.6
Stealth        | |  0.6

Action                   |  1- 3 |  4- 6 |  7- 9 | 10-12 || total
-------------------------+-------+-------+-------+-------++-------
Melee: Flail             |       |       |     2 |    21 ||    23
       Demon whip        |       |       |       |    75 ||    75
 Fire: Hunting sling     |   103 |   117 |   635 |       ||   855
Evoke: Wand              |       |       |     5 |     3 ||     8
  Use: Scroll            |     3 |       |     4 |       ||     7
       Potion            |       |       |     9 |     3 ||    12
 Stab: Distracted        |       |       |       |     1 ||     1
       Sleeping          |       |       |       |     1 ||     1
  Eat: Chunk             |       |     3 |    11 |     5 ||    19
       Royal jelly       |       |       |     2 |       ||     2
Armor: Robe              |     5 |    11 |    45 |    24 ||    85
       Skin              |       |       |    71 |       ||    71
Dodge: Dodged            |    14 |    35 |   188 |   109 ||   346
Block: Other             |       |       |     9 |    10 ||    19
